 Dungeon Crawl Stone Soup version 0.26-a0-631-ged93497179 (webtiles) character file.

Game seed: 7774483110362348997

99 Drevant2 the Chiller (level 4, -1/24 HPs)
             Began as a Deep Elf Ice Elementalist on Sept 13, 2020.
             Killed by nerve-wracking pain
             ... invoked by Grinder
              (14 damage)
             ... on level 3 of the Dungeon.
             The game lasted 00:08:14 (2676 turns).

Drevant2 the Chiller (Deep Elf Ice Elementalist)    Turns: 2676, Time: 00:08:15

Health: -1/24      AC:  3    Str:  6    XL:     4   Next: 45%
Magic:  10/12      EV: 13    Int: 20    God:
Gold:   156        SH:  0    Dex: 15    Spells: 7/11 levels left

rFire    . . .     SeeInvis .   c - +0 dagger
rCold    . . .     Faith    .   (no shield)
rNeg     . . .     Spirit   .   a - +0 robe
rPois    .         Reflect  .   (no helmet)
rElec    .         Harm     .   (no cloak)
rCorr    .         Rampage  .   b - +0 pair of gloves
MR       .....                  (no boots)
Stlth    ++........             (no amulet)
HPRegen  0.08/turn              (no ring)
MPRegen  0.13/turn              (no ring)

@: no status effects
A: no striking features
a: no special abilities


You were on level 3 of the Dungeon.
You visited 1 branch of the dungeon, and saw 3 of its levels.

You collected 156 gold pieces.

Inventory:

Hand Weapons
 c - a +0 dagger (weapon)
Armour
 a - a +0 robe (worn)
 b - a +0 pair of gloves (worn)
Scrolls
 e - a scroll of remove curse {unknown}
 f - a scroll of immolation {unknown}
 h - 2 scrolls of identify {unknown}
 j - a scroll of teleportation {unknown}
 k - a scroll of fog {unknown}
 l - a scroll of blinking {unknown}
 n - a scroll of noise {unknown}
Potions
 d - a potion of haste {unknown}
 g - a potion of curing
 i - a potion of magic {unknown}
 m - a potion of heal wounds {unknown}


   Skills:
 - Level 2.4 Dodging
 - Level 2.4 Stealth
 + Level 4.4 Spellcasting
 * Level 5.9 Ice Magic


You had 7 spell levels left.
You knew the following spells:

 Your Spells              Type           Power        Failure   Level
a - Freeze                Ice            ####         1%          1
b - Ozocubu's Armour      Ice            ####....     3%          3

Your spell library contained the following spells:

 Spells                   Type           Power        Failure   Level
 Frozen Ramparts          Ice            ####..       3%          3
 Hailstorm                Conj/Ice       ###.....     36%         4
 Summon Ice Beast         Ice/Summ       ###.....     36%         4


Dungeon Overview and Level Annotations

Branches:
Dungeon (3/15)

Altars:

Annotations:
D:3 1 runed translucent door, Grinder; Shaidar's ghost, amateur HOMo


Message History

It was a potion of curing.
You feel better.
Casting: Freeze (safe; 1% risk of failure)
Confirm with . or Enter, or press ? or * to list all spells.
Aiming: Freeze (safe; 1% risk of failure)
Press: ? - help, Shift-Dir - straight line, f - Grinder
Aim: Grinder Grinder resists.
You freeze Grinder.
Grinder is lightly wounded.
Grinder hits you!
You writhe in agony.
Casting: Freeze (safe; 1% risk of failure)
Confirm with . or Enter, or press ? or * to list all spells.
Aiming: Freeze (safe; 1% risk of failure)
Press: ? - help, Shift-Dir - straight line, f/p - Grinder
Aim: Grinder (lightly wounded) Grinder resists.
You freeze Grinder.
Grinder is lightly wounded.
Grinder gestures at you. Pain shoots through your body!
Ouch! That really hurt!
You die...

..#..#. ..# ..... ..K
#...#.#.## #.........
#.........
########.........
#......).........
#.###5##......... #.#
#@##......... #.#
#.##.........
##.###.##.........
####...##.##.....<...
#.........##.#######
#.##...#### #.
#.###.## #.#...#
########.#.###


You could see Grinder.

Vanquished Creatures
  A hound (D:3)
  An adder (D:3)
  2 oozes
  2 worms (D:2)
  A leopard gecko (D:1)
  3 orcs (D:3)
  3 giant cockroaches
  4 goblins
  3 hobgoblins
  3 jackals (D:1)
  2 quokkas (D:2)
  A ball python (D:1)
  3 bats
  A frilled lizard (D:1)
  4 kobolds
  11 rats
45 creatures vanquished.

Notes
Turn   | Place    | Note
-------+----------+-------------------------------------------
     0 | D:1      | Drevant2 the Deep Elf Ice Elementalist began the quest for
                  | the Orb.
     0 | D:1      | Reached XP level 1. HP: 10/10 MP: 6/6
   417 | D:1      | Reached XP level 2. HP: 15/15 MP: 8/8
   740 | D:1      | Reached skill level 5 in Ice Magic
   970 | D:2      | Reached XP level 3. HP: 15/19 MP: 5/10
  1047 | D:2      | Learned a level 3 spell: Ozocubu's Armour
  2298 | D:3      | Noticed Shaidar's ghost (amateur HOMo)
  2307 | D:3      | Found a runed translucent door.
  2337 | D:3      | Reached XP level 4. HP: 21/24 MP: 1/12
  2663 | D:3      | Noticed Grinder
  2668 | D:3      | Paralysed by Grinder for 5 turns
  2676 | D:3      | Killed from afar by Grinder

Illustrated notes

Levels and vault maps discovered:
D:1:      lemuel_arrival_funnel, layout_basic, serial_corexii_hall,
          chequers_hall_statues_corner_a, chequers_hall_statues_y,
          corexii_hall_statues_i, corexii_hall_statues_x
D:2:      layout_basic
D:3:      layout_loops_ring, hellmonk_ghost_happy_afterlife, uniq_grinder

Skill      XL: |  1  2  3 |
---------------+----------+-----
Ice Magic      | 5 |  5.9
Spellcasting   | 4 |  4.4
Dodging        | |  2.4
Stealth        | |  2.4

Action                   |  1- 3 |  4- 6 || total
-------------------------+-------+-------++-------
Melee: Dagger            |    90 |    15 ||   105
 Cast: Freeze            |    32 |    10 ||    42
       Ozocubu's Armour  |     2 |       ||     2
  Use: Potion            |       |     1 ||     1
 Stab: Sleeping          |     6 |     1 ||     7
Armor: Robe              |    21 |     2 ||    23
Dodge: Dodged            |    71 |    16 ||    87

Table legend: (Time is in decaauts)
 A = Elapsed time spent in this place.
 B = Non-inter-level travel time spent in this place.
 C = Inter-level travel time spent in this place.
 D = Time resting spent in this place.
 E = Time spent auto-exploring this place.
 F = Levels seen in this place.
 G = Mean time per level.
                   A        B        C        D        E       F      G
               +--------+--------+--------+--------+--------+-----+--------+
         Total |   2675 |   2611 |     64 |    660 |   1513 |   3 |  891.7 |
       Dungeon |   2675 |   2611 |     64 |    660 |   1513 |   3 |  891.7 |
               +--------+--------+--------+--------+--------+-----+--------+

Top non-repeatable levels by time:
     D:2: 1344 daAuts
     D:1: 932 daAuts
     D:3: 397 daAuts
